 Dungeon Crawl Stone Soup version 0.20.0-15-g7f486f2 (webtiles) character file.

2221 vishdafish the Basher (level 9, -6/56 HPs)
             Began as a Gargoyle Fighter on July 1, 2017.
             Was a Believer of Cheibriados.
             Mangled by a two-headed ogre
             ... wielding a +0 giant spiked club
              (7 damage)
             ... on level 7 of the Dungeon.
             The game lasted 00:12:10 (7304 turns).

vishdafish the Basher (Gargoyle Fighter)            Turns: 7304, Time: 00:12:11

Health: -6/56      AC: 17    Str: 32    XL:     9   Next: 35%
Magic:  6/9        EV:  8    Int: 15    God:    Cheibriados [**....]
Gold:   217        SH: 12    Dex: 17    Spells: 8/8 levels left

rFire    . . .     SeeInvis .   a - +0 flail
rCold    . . .     Gourm    +   c - +0 shield
rNeg     + . .     Faith    .   b - +0 scale mail
rPois    ∞         Spirit   .   F - +0 helmet
rElec    +         Reflect  .   C - +0 cloak
rCorr    .         Harm     .   q - +0 pair of gloves
MR       .....                  (no boots)
Stlth    ..........             e - amulet of the gourmand
Regen    0.2/turn               (no ring)
MPRegen  0.2/turn               (no ring)

@: mighty, very slow
A: negative energy resistance 1, electricity resistance, unbreathing,
petrification resistance, rot immunity, AC +5
a: Bend Time, Renounce Religion


You were on level 7 of the Dungeon.
You worshipped Cheibriados.
Cheibriados was pleased with you.
You were not hungry.

You visited 2 branches of the dungeon, and saw 8 of its levels.

You collected 277 gold pieces.
You spent 60 gold pieces at shops.

Inventory:

Hand Weapons
 a - a +0 flail (weapon)
Armour
 b - a +0 scale mail (worn)
 c - a +0 shield (worn)
 n - a +0 plate armour
 q - a +0 pair of gloves (worn)
 C - a +0 cloak (worn)
 F - a +0 helmet (worn)
Jewellery
 e - an amulet of the gourmand (around neck)
 m - an uncursed ring of fire
 p - a +2 ring of intelligence {unknown}
 B - an uncursed ring of positive energy {unknown}
Wands
 w - a wand of acid (6/15)
 E - a wand of confusion (19/48)
Scrolls
 g - 6 scrolls of teleportation
 o - 3 scrolls of remove curse
 s - a scroll of blinking {unknown}
 y - a scroll of magic mapping {unknown}
 A - a scroll of fear {unknown}
 D - a scroll of amnesia {unknown}
Potions
 d - 2 potions of might
 h - a potion of haste
 i - a potion of cancellation {unknown}
 j - 2 potions of resistance {unknown}
 l - 3 potions of magic {unknown}
 t - 2 potions of heal wounds
 u - 3 potions of degeneration {unknown}
 v - 2 potions of brilliance {unknown}
 z - a potion of flight {unknown}
Comestibles
 f - 3 bread rations
 k - 3 meat rations
 r - 5 fruits
 x - 4 royal jellies


   Skills:
 + Level 6.6 Fighting
 * Level 8.0 Maces & Flails
 + Level 6.9 Armour
 + Level 6.9 Shields


You had 8 spell levels left.
You didn't know any spells.

Dungeon Overview and Level Annotations

Branches:
Dungeon (7/15)             Temple (1/1) D:4

Altars:
Cheibriados
Elyvilon
Gozag
Makhleb
Nemelex Xobeh
Qazlal
Sif Muna
Uskayaw
Vehumet
The Shining One

Shops:
D:7 !


Innate Abilities, Weirdness & Mutations

You are resistant to torment.
Your stone body is resilient. (AC +5)
You are immune to poison.
You resist negative energy. (rN+)
You are resistant to electric shocks. (rElec)
You can survive without breathing.
You are immune to petrification.
You are immune to rotting.


Message History

You feel very mighty all of a sudden. The flow of time bends around you.
You feel slightly more hungry.
You sock the two-headed ogre!
The two-headed ogre is moderately wounded.
The two-headed ogre hits you with a giant spiked club! x2
You completely miss the two-headed ogre.
The two-headed ogre is moderately wounded.
The two-headed ogre hits you with a giant spiked club!
The two-headed ogre closely misses you.
You thump the two-headed ogre!
The two-headed ogre is heavily wounded.
Your scale mail prevents you from hitting the two-headed ogre.
The two-headed ogre is heavily wounded.
The two-headed ogre hits you but does no damage.
The two-headed ogre hits you with a giant spiked club!
* * * LOW HITPOINT WARNING * * *
You bludgeon the two-headed ogre!!
The two-headed ogre is almost dead.
The two-headed ogre hits you with a giant spiked club!
You die...

. ... .##.#.....))#
#.##.##.##.#######)##
##.#......#... #.....
. .......#### #.....
#.#...#...$. #.....
...##.#...#..# ###...
.#...........# ####
....###...!..# .
##@##### . #O# #..
####.# ...
#.#.8..######.##
.................
.............###
.#.#.8.#.#.#.# #..".#
# #_#.#.....# #..[.#
#######)..# #....#


You could see a two-headed ogre.

Vanquished Creatures
  A hippogriff (D:7)
  Sigmund (D:6)
  Edmund (D:6)
  Duvessa (D:6)
  3 ogres
  2 bullfrogs
  Dowan (D:6)
  2 scorpions
  The ghost of polpettosauro the Skirmisher, a weakling DsAK of Lugonu (D:3)
  2 bullfrog zombies
  3 crimson imps (D:5)
  6 hounds
  A centaur skeleton (D:4)
  4 orc priests
  A bullfrog skeleton (D:5)
  4 orc wizards
  Crazy Yiuf (D:5)
  An iguana (D:5)
  5 worker ants
  A hound zombie (D:5)
  8 adders
  6 gnolls
  5 worms
  A dart slug (D:4)
  2 leopard geckos
  31 orcs
  9 giant cockroaches
  9 hobgoblins
  7 jackals
  6 kobolds
  3 quokkas
  3 ball pythons
  10 bats
  5 frilled lizards
  11 goblins
  A jackal skeleton (D:5)
  A leopard gecko skeleton (D:6)
  8 rats
168 creatures vanquished.

Notes
Turn   | Place    | Note
-------+----------+-------------------------------------------
     0 | D:1      | vishdafish the Gargoyle Fighter began the quest for the Orb.
     0 | D:1      | Reached XP level 1. HP: 14/14 MP: 1/1
   195 | D:1      | Reached XP level 2. HP: 18/19 MP: 2/2
   991 | D:2      | Reached XP level 3. HP: 16/23 MP: 3/3
  1449 | D:2      | Reached XP level 4. HP: 25/29 MP: 4/4
  1687 | D:3      | Reached skill level 3 in Maces & Flails
  2069 | D:4      | Reached XP level 5. HP: 17/33 MP: 5/5
  2492 | D:3      | Noticed polpettosauro's ghost (weakling DsAK)
  2613 | D:3      | Killed polpettosauro's ghost
  3022 | D:4      | Reached skill level 4 in Maces & Flails
  3022 | D:4      | Reached XP level 6. HP: 32/38 MP: 6/6
  3071 | D:5      | Entered Level 5 of the Dungeon
  3407 | D:4      | Reached XP level 7. HP: 43/44 MP: 7/7
  3426 | D:4      | Found a staircase to the Ecumenical Temple.
  3431 | Temple   | Entered the Ecumenical Temple
  3518 | Temple   | Became a worshipper of Cheibriados the Contemplative
  3891 | D:5      | Reached skill level 5 in Maces & Flails
  3891 | D:5      | Reached skill level 5 in Shields
  3903 | D:6      | Reached skill level 5 in Armour
  4188 | D:5      | Reached skill level 5 in Fighting
  4298 | D:5      | Reached * piety under Cheibriados
  4543 | D:5      | Found a glowing golden altar of the Shining One.
  4859 | D:5      | Reached XP level 8. HP: 42/49 MP: 8/8
  5032 | D:5      | Found a runed door.
  5036 | D:5      | Noticed Crazy Yiuf
  5039 | D:5      | Killed Crazy Yiuf
  5459 | D:6      | Reached skill level 6 in Maces & Flails
  5849 | D:6      | Reached ** piety under Cheibriados
  5869 | D:6      | Noticed Sigmund
  5886 | D:6      | Noticed Duvessa
  5886 | D:6      | Noticed Dowan
  5897 | D:6      | Killed Duvessa
  5901 | D:6      | HP: 1/51 [Dowan/stone arrow (17)]
  5906 | D:6      | Killed Dowan
  6422 | D:6      | Noticed Edmund
  6437 | D:6      | Killed Edmund
  6450 | D:6      | Reached skill level 7 in Maces & Flails
  6648 | D:6      | Killed Sigmund
  6648 | D:6      | Reached XP level 9. HP: 34/56 MP: 9/9
  7114 | D:7      | Found Nonefihu's Distillery.
  7122 | D:7      | Bought a potion of heal wounds for 60 gold pieces
  7276 | D:7      | Found a hide-covered altar of Uskayaw.
  7289 | D:7      | Reached skill level 8 in Maces & Flails
  7297 | D:7      | Noticed a two-headed ogre
  7303 | D:7      | HP: 1/56 [two-headed ogre/giant spiked club (16)]
  7304 | D:7      | Mangled by a two-headed ogre

Skill      XL: |  1  2  3  4  5  6  7  8  9 |
---------------+----------------------------+-----
Shields        | 4 5 6 |  6.9
Maces & Flails | 3 4 5 7 8 |  8.0
Fighting       | 4 5 6 |  6.6
Armour         | 4 5 6 |  6.9

Action                   |  1- 3 |  4- 6 |  7- 9 || total
-------------------------+-------+-------+-------++-------
Melee: Flail             |   138 |   238 |   418 ||   794
Invok: Bend Time         |       |       |     1 ||     1
  Use: Potion            |       |     1 |     2 ||     3
       Scroll            |       |       |     4 ||     4
  Eat: Chunk             |     3 |    11 |     8 ||    22
Armor: Scale mail        |    70 |   150 |   256 ||   476
Dodge: Dodged            |    57 |    76 |   160 ||   293
Block: Shield            |    70 |   148 |   296 ||   514
